 Dungeon Crawl Stone Soup version 0.20.0-10-g0535bb4 (webtiles) character file.

7046 MTVSty1e the Cleaver (level 10, -6/91 HPs)
             Began as a Yellow Draconian Skald on June 3, 2017.
             Was a Priest of Makhleb.
             Mangled by Snorg (11 damage)
             ... on level 10 of the Dungeon.
             The game lasted 00:23:27 (10253 turns).

MTVSty1e the Cleaver (Yellow Draconian Skald)      Turns: 10253, Time: 00:23:29

Health: -6/91      AC: 10    Str: 16    XL:     10   Next: 83%
Magic:  1/13       EV: 12    Int: 15    God:    Makhleb [***...]
Gold:   372        SH:  1    Dex: 10    Spells: 9/13 levels left

rFire    + + +     SeeInvis .   L - +0 hand axe (vamp)
rCold    . . .     Gourm    .   C - -4 buckler of the Dozen Beggars {+Fly rF+++ Regen+ Stlth-} (curse)
rNeg     + . .     Faith    .   (armour unavailable)
rPois    +         Spirit   .   (helmet restricted)
rElec    .         Reflect  .   i - +1 cloak
rCorr    +         Harm     .   (no gloves)
MR       .....     Clarity  +   r - +0 pair of boots of Too Many Cooks {rN+ rCorr}
Stlth    ..........             J - amulet of rage
Regen    0.7/turn               q - +3 ring of slaying
MPRegen  0.2/turn               n - ring of poison resistance

@: short of breath, infused, very slightly contaminated
A: spit acid, acid resistance, unfitting armour, hooves 1, clarity, screaming 1,
cold-blooded, AC +7
a: Breathe Acid, Minor Destruction, Lesser Servant of Makhleb, Renounce
Religion, Evoke Berserk Rage, Evoke Flight


You were on level 10 of the Dungeon.
You worshipped Makhleb.
Makhleb was most pleased with you.
You were not hungry.

You visited 2 branches of the dungeon, and saw 11 of its levels.

You collected 609 gold pieces.
You spent 237 gold pieces at shops.

Inventory:

Hand Weapons
 G - the cursed +1 long sword "Piuvutur" {slice, rElec, unknown}
   (You found it on level 6 of the Dungeon)

   It inflicts extra damage upon your enemies.
   It insulates you from electricity.
   It has a curse placed upon it.
 L - a +0 vampiric hand axe (weapon)
Armour
 i - a +1 cloak (worn)
 r - the +0 pair of boots of Too Many Cooks (worn) {rN+ rCorr}
   (You found it on level 9 of the Dungeon)

   It protects you from negative energy.
   It protects you from acid and corrosion.
 z - a +2 large shield
 C - the cursed -4 buckler of the Dozen Beggars (worn) {+Fly rF+++ Regen+ Stlth-}
   (You bought it in a shop on level 5 of the Dungeon)

   It renders you almost immune to fire.
   It lets you fly.
   It increases your rate of regeneration.
   It makes you less stealthy.
   It has a curse placed upon it.
Jewellery
 g - a +4 ring of evasion
 n - a ring of poison resistance (right hand)
 q - a +3 ring of slaying (left hand)
 B - an uncursed ring of protection from magic
 J - an amulet of rage (around neck)
Wands
 H - a wand of random effects (11/48)
Scrolls
 p - 3 scrolls of amnesia
 s - a scroll of fear
 v - 6 scrolls of remove curse
 w - 5 scrolls of recharging
 x - a scroll of magic mapping
 y - a scroll of teleportation
 A - 3 scrolls of enchant weapon
Potions
 d - a potion of might
 e - a potion of heal wounds
 f - a potion of haste
 j - 4 potions of curing
 m - 2 potions of brilliance
 o - 2 potions of agility
 t - a potion of ambrosia
 E - a potion of mutation {unknown}
 F - a potion of magic
Books
 a - a book of Misfortune

   Spells                             Type                      Level
   a - Confusing Touch                Hexes                        1
   b - Confuse                        Hexes                        3
   c - Gell's Gravitas                Translocation                3
   d - Petrify                        Transmutation/Earth          4
   e - Metabolic Englaciation         Hexes/Ice                    5
   f - Yara's Violent Unravelling     Hexes/Transmutation          5
 b - a book of Battle

   Spells                             Type                      Level
   a - Infusion                       Charms                       1
   b - Shroud of Golubria             Charms/Translocation         2
   c - Song of Slaying                Charms                       2
   d - Spectral Weapon                Hexes/Charms                 3
   e - Regeneration                   Charms/Necromancy            3
 l - a book of Conjurations

   Spells                             Type                      Level
   a - Magic Dart                     Conjuration                  1
   b - Searing Ray                    Conjuration                  2
   c - Dazzling Spray                 Conjuration/Hexes            3
   d - Fulminant Prism                Conjuration/Hexes            4
   e - Force Lance                    Conjuration/Translocation    4
   f - Iskenderun's Mystic Blast      Conjuration                  4
Comestibles
 c - 4 bread rations
 K - 10 royal jellies


   Skills:
 + Level 9.0 Fighting
 * Level 11.1 Axes
 - Level 2.1 Dodging
 - Level 6.2 Shields
 - Level 2.0 Spellcasting
 + Level 5.2 Charms
 + Level 5.1 Necromancy


You had 9 spell levels left.
You knew the following spells:

 Your Spells              Type           Power        Failure   Level  Hunger
a - Infusion              Chrm           ###.         2%          1    #......
b - Regeneration          Chrm/Necr      ###.......   8%          3    ###....


Dungeon Overview and Level Annotations

Branches:
Dungeon (10/15)            Temple (1/1) D:5
   Lair: D:8-11         Orc: D:9-12

Altars:
Ashenzari
Fedhas
Hepliaklqana
Kikubaaqudgha
Makhleb
Nemelex Xobeh
Okawaru
Ru
Sif Muna
Trog
Uskayaw
Vehumet
Xom
Yredelemnul
Zin
The Shining One

Shops:
D:5 [(*

Annotations:
D:7 exclusion: oklob plant
D:10 Snorg


Innate Abilities, Weirdness & Mutations

You can spit globs of acid.
You are resistant to acid.
Your golden yellow scales are hard. (AC +7)
You cannot fit into any form of body armour.
You are cold-blooded and may be slowed by cold attacks.
You have large cloven feet.
You possess an exceptional clarity of mind.
You occasionally shout uncontrollably at your foes.


Message History

Snorg is moderately wounded.
Snorg bites you! Snorg claws you.
* * * LOW HITPOINT WARNING * * *
Snorg barely misses you.
The troll zombie moves out of view.
Press: ? - help, Shift-Dir - straight line, f - phantom
Aim: a phantom You spit a glob of acid.
The glob of acid hits Snorg.
Snorg is splashed with acid.
The acid corrodes Snorg!
Snorg is heavily wounded.
Snorg is splashed with acid.
The acid corrodes Snorg!
The acid splashes onto Snorg!
Snorg is splashed with acid.
The acid corrodes Snorg!
You feel somewhat more hungry. Snorg barely misses you.
Snorg claws you but does no damage. Snorg closely misses you.
You fail to use your ability.
Snorg bites you!
* * * LOW HITPOINT WARNING * * *
Snorg barely misses you. Snorg claws you but does no damage. Snorg bites you.
* * * LOW HITPOINT WARNING * * *
Snorg claws you but does no damage. Snorg claws you!
You die...

#. #..
#...########### .....
#.............##.....
#..................[.
#.............
#............
####ZZZ......#
#@TWZZZ......#
####ZZZ..../.#
#..Z......#
###.........#
#......Z...Z.Z.
#.....###ZZ#...Z
####.##### #....8...
#....# #........
##.##.#######.......Z


You could see Snorg (berserk), a phantom, 2 hobgoblin zombies, 3 orc zombies, 4
ogre zombies and a hobgoblin skeleton.

Vanquished Creatures
  3 two-headed ogres
  The ghost of newuser the Skirmisher, a novice OgEE (D:7)
  2 trolls (D:9)
  6 yaks (D:9)
  A hungry ghost (D:9)
  The ghost of salade2fruit the Insei, an amateur OpTm (D:3)
  An orc warrior (D:9)
  A black bear (D:9)
  2 ice beasts
  2 sky beasts
  A phantom (D:6)
  An eye of draining (D:9)
  An ogre (D:9)
  A centaur (D:5)
  A big kobold (D:7)
  6 bullfrogs
  Blork the orc (D:6)
  A wyvern skeleton (D:9)
  2 scorpions
  4 killer bees (D:9)
  2 howler monkeys (D:8)
  A crimson imp (D:5)
  A centaur zombie (D:10)
  A centaur skeleton (D:9)
  5 orc wizards
  3 hounds
  5 jellies
  2 bullfrog zombies
  5 orc priests
  A bullfrog skeleton (D:6)
  2 iguanas
  6 worker ants
  2 hound skeletons
  2 hound zombies (D:5)
  A howler monkey zombie (D:6)
  A worker ant zombie (D:5)
  4 gnolls (D:5)
  10 adders
  2 shadow imps
  6 oozes
  2 adder skeletons
  An adder zombie (D:8)
  A worm (D:2)
  A dart slug (D:4)
  3 leopard geckos
  35 orcs
  3 giant cockroaches
  7 goblins
  10 hobgoblins
  9 jackals
  16 kobolds
  2 quokkas
  3 ball pythons
  7 bats
  3 frilled lizards
  A leopard gecko skeleton (D:4)
  A quokka zombie (D:7)
  6 rats
212 creatures vanquished.

Notes
Turn   | Place    | Note
-------+----------+-------------------------------------------
     0 | D:1      | MTVSty1e the Draconian Skald began the quest for the Orb.
     0 | D:1      | Reached XP level 1. HP: 17/17 MP: 3/3
   427 | D:1      | Reached XP level 2. HP: 12/25 MP: 5/5
  1205 | D:2      | Reached skill level 3 in Axes
  1205 | D:2      | Reached XP level 3. HP: 7/31 MP: 6/6
  1224 | D:2      | HP: 1/31 [poisoned by an adder]
  1688 | D:2      | You fall through a shaft!
  1707 | D:3      | Reached XP level 4. HP: 13/38 MP: 7/7
  1819 | D:3      | Noticed salade2fruit's ghost (amateur OpTm)
  2081 | D:2      | Learned a level 3 spell: Regeneration
  2333 | D:2      | Reached skill level 4 in Axes
  2672 | D:2      | Reached XP level 5. HP: 43/46 MP: 8/8
  3468 | D:3      | Found an ancient bone altar of Kikubaaqudgha.
  3492 | D:3      | Reached skill level 5 in Axes
  3725 | D:3      | Killed salade2fruit's ghost
  3725 | D:3      | Reached XP level 6. HP: 44/53 MP: 0/9
  4084 | D:4      | Found a hide-covered altar of Uskayaw.
  4084 | D:4      | Noticed a hand axe
  4084 | D:4      | Noticed a dagger
  4114 | D:4      | Reached skill level 1 in Shields
  4305 | D:4      | Reached skill level 6 in Axes
  4339 | D:4      | Your scales start taking on a golden yellow colour.
  4339 | D:4      | Reached XP level 7. HP: 54/60 MP: 10/10
  4428 | D:5      | Entered Level 5 of the Dungeon
  4644 | D:5      | Reached skill level 5 in Fighting
  4660 | D:5      | Gained mutation: You occasionally shout uncontrollably at your foes. [mutagenic meat]
  4661 | D:5      | Gained mutation: You possess an exceptional clarity of mind. [mutagenic meat]
  4662 | D:5      | Gained mutation: You have large cloven feet. [mutagenic meat]
  4879 | D:5      | Found Siats's Weapon Shop.
  4894 | D:5      | Found a staircase to the Ecumenical Temple.
  4994 | Temple   | Entered the Ecumenical Temple
  5028 | Temple   | Became a worshipper of Makhleb the Destroyer
  5129 | D:5      | Found Reshromeo's Antique Armour Boutique.
  5133 | D:5      | Bought a faintly humming buckler for 237 gold pieces
  5143 | D:5      | Identified the cursed -4 buckler of the Dozen Beggars {+Fly rF+++ Regen+ Stlth-} (You bought it in a shop on level 5 of the Dungeon)
  5717 | D:5      | Found Socrulee's General Store.
  5837 | D:6      | Reached skill level 7 in Axes
  5840 | D:6      | Reached XP level 8. HP: 70/70 MP: 11/11
  6058 | D:6      | Noticed Blork the orc
  6071 | D:6      | Killed Blork the orc
  6242 | D:6      | Reached * piety under Makhleb
  6245 | D:6      | Got a steaming long sword
  6311 | D:6      | Found a glowing golden altar of the Shining One.
  6585 | D:7      | Reached skill level 5 in Shields
  6596 | D:7      | Noticed a two-headed ogre
  6732 | D:7      | Killed a two-headed ogre
  6732 | D:7      | Reached skill level 8 in Axes
  6732 | D:7      | Reached XP level 9. HP: 34/78 MP: 3/12
  6908 | D:7      | Noticed newuser's ghost (novice OgEE)
  6928 | D:7      | Killed newuser's ghost
  6928 | D:7      | Reached skill level 9 in Axes
  6928 | D:7      | Reached skill level 1 in Necromancy
  7014 | D:7      | Found a hazy altar of Hepliaklqana.
  7300 | D:7      | Found a blossoming altar of Fedhas.
  7310 | D:7      | Noticed an oklob plant
  7508 | D:8      | Reached ** piety under Makhleb
  8443 | D:9      | Got a pair of distressingly furry boots
  8444 | D:9      | Identified the +0 pair of boots of Too Many Cooks {rN+ rCorr} (You found it on level 9 of the Dungeon)
  8776 | D:9      | Noticed a two-headed ogre
  9011 | D:9      | Killed a two-headed ogre
  9011 | D:9      | Reached skill level 10 in Axes
  9011 | D:9      | Reached XP level 10. HP: 54/88 MP: 11/13
  9151 | D:9      | Reached *** piety under Makhleb
  9400 | D:9      | Noticed a two-headed ogre
  9509 | D:9      | Killed a two-headed ogre
  9757 | D:9      | Reached skill level 5 in Charms
  9848 | D:9      | Reached skill level 11 in Axes
  9861 | D:9      | Reached skill level 5 in Necromancy
 10196 | D:10     | Entered Level 10 of the Dungeon
 10227 | D:10     | Noticed Snorg
 10253 | D:10     | Mangled by Snorg

Skill      XL: |  1  2  3  4  5  6  7  8  9 10 |
---------------+-------------------------------+-----
Fighting       | 3 4 5 6 8 9 |  9.0
Axes           | 3 4 5 6 7 8 10 11 | 11.1
Shields        | 1 3 6 |  6.2
Charms         | 4 5 |  5.2
Necromancy     | 3 5 |  5.1
Dodging        | |  2.1
Spellcasting   | |  2.0

Action                   |  1- 3 |  4- 6 |  7- 9 | 10-12 || total
-------------------------+-------+-------+-------+-------++-------
Melee: Hand axe          |    79 |   194 |   417 |   175 ||   865
       Tailslap          |     4 |    23 |    45 |    26 ||    98
       Kick              |       |       |    77 |       ||    77
 Cast: Regeneration      |       |     5 |     2 |     2 ||     9
       Infusion          |       |     2 |     6 |     1 ||     9
 Abil: Breathe Acid      |       |       |     2 |     3 ||     5
       Evoke Berserk Rag |       |       |     1 |     3 ||     4
  Use: Potion            |     1 |       |       |       ||     1
       Scroll            |       |    11 |    17 |       ||    28
 Stab: Distracted        |       |     2 |       |       ||     2
       Sleeping          |       |     1 |       |       ||     1
  Eat: Meat ration       |     1 |       |     2 |     1 ||     4
       Chunk             |       |     4 |     8 |       ||    12
       Fruit             |       |     1 |     4 |     1 ||     6
       Royal jelly       |       |     1 |     1 |       ||     2
       Bread ration      |       |       |       |     2 ||     2
Armor: Skin              |    10 |    42 |   100 |    38 ||   190
Dodge: Dodged            |    86 |   160 |   208 |    95 ||   549
Block: Buckler           |       |    13 |    11 |       ||    24
